 Dungeon Crawl Stone Soup version 0.29.0-13-gc9e81de378 (webtiles) character file.

Game seed: 12386515595667276287

412 keekatzer the Caller (level 6, -1/48 HPs)
             Began as a Ghoul Summoner on Sept 9, 2022.
             Was an Initiate of Ashenzari.
             Slain by Ijyb
             ... wielding a +0 dagger of electrocution
              (2 damage)
             ... on level 4 of the Dungeon.
             The game lasted 00:18:59 (3785 turns).

keekatzer the Caller (Ghoul Summoner)               Turns: 3785, Time: 00:19:00

Health: -1/48      AC:  4    Str: 12    XL:     6   Next: 90%
Magic:  5/8        EV: 12    Int: 10    God:    Ashenzari [......]
Gold:   194        SH:  0    Dex: 11    Spells: 4/10 levels left

rFire   . . .      SeeInvis .   u - +3 quarterstaff (chaos)
rCold   + . .      Faith    .   (shield currently unavailable)
rNeg    + + +      Spirit   .   w - +0 robe
rPois   ∞          Reflect  .   (no helmet)
rElec   .          Harm     .   v - +0 cloak {Will+}
rCorr   .          Rampage  .   (no gloves)
Will    +....                   i - +0 pair of boots
Stlth   ++........              (no amulet)
HPRegen 0.00/turn               (no ring)
MPRegen 0.11/turn               (no ring)

@: inhibited regen
A: claws 1, cold resistance 1, negative energy resistance 3, inhibited
regeneration, torment resistance 2, devour on kill
a: Renounce Religion


You were on level 4 of the Dungeon.
You worshipped Ashenzari.
Ashenzari was noncommittal.
You visited 2 branches of the dungeon, and saw 5 of its levels.

You collected 194 gold pieces.

Inventory:

Hand Weapons
 n - a +4 whip
 o - a +0 spear of flaming
 p - a +2 falchion of protection
 u - a +3 quarterstaff of chaos (weapon)
Armour
 i - a +0 pair of boots (worn)
 k - a +0 ring mail
 v - a +0 cloak of willpower (worn)
 w - a +0 robe (worn)
Magical Staves
 q - a staff of conjuration
 y - a staff of air
Wands
 t - a wand of flame (16)
Scrolls
 d - a scroll of enchant weapon {unknown}
 f - 4 scrolls of teleportation {unknown}
 g - 2 scrolls of enchant armour {unknown}
 h - 2 scrolls of vulnerability {unknown}
 j - 6 scrolls of identify {unknown}
 r - a scroll of amnesia {unknown}
 s - 3 scrolls of poison {unknown}
 x - a scroll of magic mapping {unknown}
Potions
 a - a potion of cancellation {unknown}
 b - a potion of magic
 c - a potion of lignification
 e - a potion of curing
 l - 2 potions of heal wounds {unknown}
 m - a potion of haste {unknown}


   Skills:
 - Level 1.9 Fighting
 - Level 1.8 Dodging
 - Level 2.3 Stealth
 + Level 2.5 Spellcasting
 + Level 6.6 Summonings


You had 4 spell levels left.
You knew the following spells:

 Your Spells              Type           Power      Damage    Failure   Level
a - Summon Small Mammal   Summ           56%        N/A       1%          1
b - Call Imp              Summ           14%        N/A       3%          2
c - Call Canine Familiar  Summ           14%        N/A       6%          3

Your spell library contained the following spells:

 Spells                   Type           Power      Damage    Failure   Level
 Summon Guardian Golem    Hex/Summ       7%         N/A       22%         3
 Magic Dart               Conj           4%         1d3       30%         1
 Shock                    Conj/Air       4%         1d3       30%         1
 Animate Armour           Summ/Erth      14%        N/A       58%         4
 Summon Lightning Spire   Summ/Air       7%         N/A       58%         4
 Mephitic Cloud           Conj/Pois/Air  1%         N/A       65%         3
 Ozocubu's Armour         Ice            1%         N/A       65%         3
 Stone Arrow              Conj/Erth      2%         3d7       65%         3
 Swiftness                Air            1%         N/A       65%         3
 Airstrike                Air            0%         2d(1-17)  96%         4
 Metabolic Englaciation   Hex/Ice        0%         N/A       100%        5
 Simulacrum               Ice/Necr       0%         N/A       100%        6
 Lehudib's Crystal Spear  Conj/Erth      0%         10d2      100%        8


Dungeon Overview and Level Annotations

Branches:
Dungeon (4/15)             Temple (1/1) D:4

Altars:
Ashenzari
Cheibriados
Fedhas
Gozag
Makhleb
Okawaru
Ru
Sif Muna
Trog
Vehumet
Wu Jian
Xom

Annotations:
D:4 Ijyb


Innate Abilities, Weirdness & Mutations

You are immune to poison.
You have sharp fingernails.
Your flesh is cold resistant. (rC+)
You are immune to negative energy. (rN+++)
You do not regenerate when monsters are visible.
You are immune to unholy pain and torment.
You thrive by killing the living.


Message History

Found a stone staircase leading up.
A ball python comes into view.
There is a stone staircase leading down here.
Ijyb shouts!
The ball python hisses angrily.
Ijyb hits you with a +0 dagger of electrocution.
An endoplasm comes into view.
You miss Ijyb. Ijyb closely misses you.
A hobgoblin comes into view.
You miss Ijyb.
Ijyb hits you with a +0 dagger of electrocution.
You are electrocuted!
Ijyb hits you with a +0 dagger of electrocution.
You are electrocuted!
* * * LOW HITPOINT WARNING * * *
Casting: Call Imp (safe; 3% risk of failure)
Confirm with . or Enter, or press ? or * to list all spells.
Ijyb hits you with a +0 dagger of electrocution.
* * * LOW HITPOINT WARNING * * *
The ball python bites you.
* * * LOW HITPOINT WARNING * * *
The ball python misses you.
You thump Ijyb!
Ijyb resists with some effort.
Ijyb is moderately wounded.
Your hound completely misses Ijyb.
Ijyb screams, "I cut your head off!" Ijyb hits you but does no damage.
The ball python bites you.
* * * LOW HITPOINT WARNING * * *
The ball python barely misses you.
You closely miss Ijyb.
Ijyb is moderately wounded.
Your hound barely misses Ijyb.
The ball python barely misses you. The ball python closely misses you.
Your hound barely misses Ijyb.
Ijyb screams, "Die!"
Ijyb hits you with a +0 dagger of electrocution.
* * * LOW HITPOINT WARNING * * *
The ball python closely misses you. The ball python barely misses you.
It was a potion of lignification.
You feel woody for a moment.
Your hound misses Ijyb.
Ijyb hits you with a +0 dagger of electrocution.
You die...

.....# .....#
...........#...
.....#
...............
.....#
...............
.....#
...............
.....#
...............
...###
.......g.......
...#
......JgS.....#
...#
......h@.......
...#
.<.....>########
...#
...............#
...#
##############.#
...# #.# ####
#.# #.# #.# #.#
#†### ######
#.###### #...#


You could see Ijyb (ally target), an endoplasm, a hobgoblin, a ball python and a
friendly hound (summoned).

Vanquished Creatures
  A jelly (D:4)
  Crazy Yiuf (D:2)
  An orc wizard (D:4)
  A gnoll (D:4)
  2 adders
  A worm (D:4)
  2 orcs (D:3)
  6 ball pythons
  3 bats
  5 endoplasms
  3 giant cockroaches
  7 hobgoblins
  2 quokkas
  2 frilled lizards
  6 goblins
  7 kobolds
  4 rats
54 creatures vanquished.

Vanquished Creatures (collateral kills)
  Sigmund (D:2)
  An iguana (D:4)
  An adder (D:4)
  2 gnolls (D:4)
  A dart slug (D:3)
  4 orcs
  2 bats
  An endoplasm (D:2)
  2 hobgoblins
  A quokka (D:2)
  2 ball pythons (D:4)
  A frilled lizard (D:3)
  7 kobolds
  3 rats
29 creatures vanquished.

Vanquished Creatures (others)
  20 plants (D:3)
20 creatures vanquished.

Grand Total: 103 creatures vanquished

Notes
Turn   | Place    | Note
-------+----------+-------------------------------------------
     0 | D:1      | keekatzer the Ghoul Summoner began the quest for the Orb.
     0 | D:1      | Reached XP level 1. HP: 14/14 MP: 2/2
   228 | D:1      | Reached skill level 1 in Fighting
   300 | D:1      | Reached XP level 2. HP: 7/24 MP: 3/3
   509 | D:1      | Learned a level 2 spell: Call Imp
   598 | D:1      | You fall into a shaft and drop 1 floor!
   912 | D:1      | You fall into a shaft and drop 1 floor!
  1004 | D:1      | Found a faded altar of an unknown god.
  1376 | D:2      | Noticed Sigmund
  1911 | D:3      | Reached XP level 3. HP: 25/29 MP: 1/4
  1913 | D:3      | Reached skill level 4 in Summonings
  2261 | D:2      | Found a runed translucent door.
  2343 | D:2      | Found a snail-covered altar of Cheibriados.
  2472 | D:2      | Reached XP level 4. HP: 31/36 MP: 1/5
  2476 | D:2      | Learned a level 3 spell: Call Canine Familiar
  2926 | D:2      | Noticed Crazy Yiuf
  2947 | D:2      | Killed Crazy Yiuf
  2948 | D:2      | Reached skill level 5 in Summonings
  3239 | D:2      | Killed Sigmund
  3240 | D:2      | Reached skill level 6 in Summonings
  3240 | D:2      | Reached XP level 5. HP: 30/41 MP: 2/6
  3240 | D:2      | Reached XP level 6. HP: 35/48 MP: 2/7
  3511 | D:4      | Found a staircase to the Ecumenical Temple.
  3543 | Temple   | Entered the Ecumenical Temple
  3622 | Temple   | Became a worshipper of Ashenzari the Shackled
  3777 | D:4      | Noticed Ijyb
  3784 | D:4      | HP: 1/48 [Ijyb/+0 dagger of electrocution (5)]
  3785 | D:4      | Slain by Ijyb

Illustrated notes

Levels and vault maps discovered:
D:1:      dpeg_arrival_round_a, layout_loops_corners,
          hellmonk_ecumenical_altar_crossroads, minmay_misc_feat_room
D:2:      minmay_razor_zed, layout_loops_ring, basic_altar, uniq_sigmund,
          uniq_crazy_yiuf_cottage
D:3:      layout_rooms, lexackson_kobold_supper
D:4:      layout_basic, minmay_temple_entry_mini_moons, uniq_ijyb
Temple:   eino_temple_water

Skill      XL: |  1  2  3  4  5  6 |
---------------+-------------------+-----
Fighting       | 1 |  1.9
Summonings     | 4 6 |  6.6
Spellcasting   | 2 |  2.5
Dodging        | |  1.8
Stealth        | |  2.3

Action                   |  1- 3 |  4- 6 || total
-------------------------+-------+-------++-------
Melee: Unarmed           |    27 |       ||    27
       Short sword       |    39 |       ||    39
       Trident           |    15 |       ||    15
       Whip              |    52 |    32 ||    84
       Punch             |     1 |       ||     1
       Quarterstaff      |       |    37 ||    37
 Cast: Summon Small Mamm |    14 |       ||    14
       Call Imp          |     5 |     4 ||     9
       Call Canine Famil |       |     8 ||     8
  Use: Potion            |       |     1 ||     1
 Stab: Sleeping          |     2 |     4 ||     6
Armor: Robe              |    25 |     9 ||    34
Dodge: Dodged            |   106 |    45 ||   151
